Unix NetHack Version 3.7.0-53 Work-in-progress - last build Apr 18 2022 13:42:29 (02b85442fffe0e2954e411e09df771b56fe27bbc,branch:master). Game began 2022-04-21 22:20:05, ended 2022-04-21 22:30:21. MaestroSpook, lawful female dwarven Valkyrie # ---------------- -----|----- |...............#######|.^.......| |...........i..| #-..........## ------------ |............... #|.........| ###...........| -------------.-- |..>......| |..........| ### |..........####|..........| # ---.------- #--|-----.--- # ######## ##%# #% ## ## #### ######### # ### # ##### -----.---- ######### # |......... --.-------- ---.- ---.--.---- |........| ..rse.....| |...| ######-........>| |...<....| |.r@.f....| |...-## |.........| |........| |.........| |...| |.........| |......... |.........| |...| |.........| ---------- |.........| ----- ----------- ----------- MaestroSpook the Skirmisher St:18/03 Dx:9 Co:20 In:10 Wi:10 Ch:9 Lawful Dlvl:4 $:66 HP:0(38) Pw:4(4) AC:10 Xp:3/55 T:1609 Latest messages: You see here a large kobold corpse. In what direction? Ouch! That hurts! You hear bubbling water. In what direction? Ouch! That hurts! In what direction? Ouch! That hurts! Your right leg is in no shape for kicking. Your right leg is in no shape for kicking. You swap places with Oedipa. Your leg feels better. In what direction? Ouch! That hurts! You hit the floating eye. You are frozen by the floating eye's gaze! Oedipa misses the newt. The newt bites! Oedipa misses the newt. Oedipa bites the newt. The newt misses Oedipa. Oedipa misses the newt. Oedipa bites the newt. The newt is killed! Oedipa bites the green mold. Oedipa bites the green mold. The green mold is killed! You hear someone counting gold coins. Oedipa bites the floating eye. Oedipa is frozen by the floating eye's gaze! The cave spider bites! The cave spider bites! The cave spider bites! The giant rat bites! The cave spider bites! The giant rat bites! The cave spider bites! The giant rat bites! The cave spider bites! The giant rat bites! The cave spider bites! The giant rat bites! The cave spider bites! The cave spider bites! The giant rat bites! The giant rat bites! The cave spider bites! The giant rat bites! The giant rat bites! You die... Major events: Turn 1: MaestroSpook the lawful dwarven Valkyrie entered the dungeon 994: attained the rank of Skirmisher (level 3) 1266: entered the Gnomish Mines 1609: killed by a giant rat, while frozen by a floating eye's gaze Inventory: Coins ('$') $ - 66 gold pieces Armor ('[') s - an uncursed +0 orcish helm c - an uncursed +3 small shield Scrolls ('?') k - an uncursed scroll of destroy armor m - an uncursed scroll of identify Spellbooks ('+') n - an uncursed spellbook of restore ability Potions ('!') i - a blessed potion of enlightenment t - an uncursed potion of extra healing r - an uncursed potion of gain energy l - an uncursed potion of object detection o - a cursed potion of speed Tools ('(') j - an uncursed stethoscope f - a cursed wax candle Gems/Stones ('*') g - a cursed fluorite stone q - an uncursed worthless piece of red glass u - an uncursed worthless piece of violet glass MaestroSpook the Valkyrie's attributes: Background: You were a Skirmisher, a level 3 dwarven Valkyrie. You were lawful, nominally on a mission for Tyr who was opposed by Odin (neutral) and Loki (chaotic). You were in the Dungeons of Doom, on level 4. You entered the dungeon 1609 turns ago. It was nighttime. You had 55 experience points, 25 more were needed to attain level 4. Basics: You had 0 out of 38 hit points. You had all 4 energy points (spell power). Your armor class was 10. Your wallet contained 66 zorkmids. Autopickup was on for '$%?!"=/*', with exceptions. Final Characteristics: Your strength was 18/03 (limit:18/100). Your dexterity was 9 (limit:20). Your constitution was 20 (limit:20). Your intelligence was 10 (limit:16). Your wisdom was 10 (limit:16). Your charisma was 9 (limit:16). Final Status: You were not hungry. You were unencumbered. You were bare handed. You were unskilled in bare handed combat. You were not wearing any armor. Final Attributes: You were devoutly aligned. You were cold resistant. You had infravision. You were stealthy. You are dead. Miscellaneous: You disabled loading of bones levels. Total elapsed playing time was 10 minutes and 15 seconds. Vanquished creatures: a giant bat a large kobold 2 giant rats a green mold a gecko 5 jackals a fox 2 kobolds a goblin a sewer rat 3 grid bugs 2 lichens 2 kobold zombies 5 newts 28 creatures vanquished. No species were genocided or became extinct. Voluntary challenges: You were an atheist. You read items or engraved 1 time. You never engraved Elbereth. You never genocided any monsters. You never polymorphed an object. You never changed form. You used no wishes. Achievements: You attained the rank of Skirmisher. You entered the Gnomish Mines. The Dungeons of Doom: levels 1 to 5 Level 1: Some fountains. Level 2: Some fountains. Level 3: A fountain, a grave. Level 4: <- You were here. Stairs down to The Gnomish Mines. Final resting place for you, killed by a giant rat, while frozen by a floating eye's gaze. Level 5: A fountain. The Gnomish Mines: Level 5: Game over: ---------- / \ / REST \ / IN \ / PEACE \ / \ | MaestroSpook | | 66 Au | | killed by a | | giant rat | | | | | | 2022 | *| * * * | * _________)/\\_//(\/(/\)/\//\/|_)_______ Farvel MaestroSpook the Valkyrie... You died in The Dungeons of Doom on dungeon level 4 with 480 points, and 66 pieces of gold, after 1609 moves. You were level 3 with a maximum of 38 hit points when you died.